TOP OF THE 1ST |
---|
Reading Rainbows batting - Pitching for Wilmington Rebels : RHP Javier Franco | Pitching: RHP Javier Franco | | Batting: LHB Ramón Morán | 0-0: Ball 1-0: Ball 2-0: Ball 3-0: Called Strike 3-1: Base on Balls | Batting: RHB José Moreno | 0-0: Swinging Strike 0-1: Called Strike 0-2: Ball 1-2: Ball 2-2: Fielders Choice at 2nd, 6-4 (Groundball, 6) | Batting: RHB Germán Romero | 0-0: Ball 1-0: Foul Ball, location: 2F 1-1: Ball 2-1: Swinging Strike 2-2: Ball 3-2: Grounds into double play, 5-4-3 (Groundball, 56) | Top of the 1st over - 0 runs, 0 hits, 0 errors, 0 left on base; Reading 0 - Wilmington 0 | BOTTOM OF THE 1ST |
---|
Wilmington Rebels batting - Pitching for Reading Rainbows : RHP Jason MacKnight | Pitching: RHP Jason MacKnight | | Batting: RHB Mitchell Pate | 0-0: Called Strike 0-1: Ball 1-1: Foul Ball, location: 2F 1-2: Ball 2-2: Fly out, F9 (Flyball, 89D) | Batting: LHB Guillermo Santos | 0-0: Ball 1-0: Called Strike 1-1: Foul Ball, location: 2F 1-2: Ground out 6-3 (Groundball, 6) | Batting: RHB Henry Haines | 0-0: Ball 1-0: Ball 2-0: Called Strike 2-1: Ball 3-1: Base on Balls | Batting: LHB Marv Gardner | 0-0: Called Strike 0-1: Ground out 1-3 (Groundball, 13S) | Bottom of the 1st over - 0 runs, 0 hits, 0 errors, 1 left on base; Reading 0 - Wilmington 0 | TOP OF THE 2ND |
---|
Reading Rainbows batting - Pitching for Wilmington Rebels : RHP Javier Franco | Batting: RHB Ethan Moore | 0-0: Called Strike 0-1: Ball 1-1: Foul Ball, location: 2F 1-2: Strikes out swinging | Batting: SHB Travis Martin | 0-0: Called Strike 0-1: Called Strike 0-2: Ball 1-2: Foul Ball, location: 2F 1-2: Foul Ball, location: 2F 1-2: SINGLE (Groundball, 3D) | Batting: RHB Edmund Swanson | 0-0: Ball Travis Martin steals 2nd base 1-0: Foul Ball, location: 2F 1-1: Swinging Strike 1-2: Ball 2-2: Foul Ball, location: 2F 2-2: Strikes out swinging | Batting: LHB Ryan Flynn | 0-0: Called Strike 0-1: Swinging Strike 0-2: Fly out, F9 (Flyball, 9LSF) | Top of the 2nd over - 0 runs, 1 hit, 0 errors, 1 left on base; Reading 0 - Wilmington 0 | BOTTOM OF THE 2ND |
---|
Wilmington Rebels batting - Pitching for Reading Rainbows : RHP Jason MacKnight | Batting: LHB Juan Vásquez | 0-0: Called Strike 0-1: SINGLE (Groundball, 4MD) | Batting: RHB Marlon Hernández | 0-0: Ball 1-0: Called Strike 1-1: Ball 2-1: SINGLE (Line Drive, 7LM) Juan Vásquez to second | Batting: LHB Seth Sullivan | 0-0: Fielders Choice at 2nd, 3-6 (Groundball, 34) Juan Vásquez to third | Batting: RHB Pedro Sandoval | 0-0: Grounds into double play, 5-4-3 (Groundball, 56) | Bottom of the 2nd over - 0 runs, 2 hits, 0 errors, 1 left on base; Reading 0 - Wilmington 0 | TOP OF THE 3RD |
---|
Reading Rainbows batting - Pitching for Wilmington Rebels : RHP Javier Franco | Batting: LHB Dennis McConnell | 0-0: Ball 1-0: Ball 2-0: Ground out U3 (Groundball, 3) | Batting: RHB Allen Hobbs | 0-0: Swinging Strike 0-1: Ball 1-1: Ball 2-1: Foul Ball, location: 2F 2-2: Strikes out swinging | Batting: LHB Ramón Morán | 0-0: Called Strike 0-1: Ball 1-1: Ball 2-1: Foul Ball, location: 2F 2-2: Foul Ball, location: 2F 2-2: Ball 3-2: Base on Balls | Batting: RHB José Moreno | 0-0: Foul Ball, location: 2F 0-1: Fly out, F4 (Line Drive, 4) | Top of the 3rd over - 0 runs, 0 hits, 0 errors, 1 left on base; Reading 0 - Wilmington 0 | BOTTOM OF THE 3RD |
---|
Wilmington Rebels batting - Pitching for Reading Rainbows : RHP Jason MacKnight | Batting: RHB León Gómez | 0-0: Ball 1-0: Ball 2-0: Ball 3-0: Called Strike 3-1: Foul Ball, location: 2F 3-2: SINGLE (Line Drive, 56) | Batting: RHB Mitchell Pate | 0-0: Called Strike 0-1: Ball 1-1: Ball 2-1: Swinging Strike 2-2: SINGLE (Line Drive, 9S) León Gómez to second | Batting: LHB Guillermo Santos | 0-0: Called Strike 0-1: Ball 1-1: Fly out, F9 (Flyball, 9S) | Batting: RHB Henry Haines | 0-0: Ball 1-0: Foul Ball, location: 2F 1-1: Called Strike 1-2: Ball 2-2: Strikes out looking | Batting: LHB Marv Gardner | 0-0: Ball 1-0: Called Strike 1-1: Ball 2-1: Foul Ball, location: 2F 2-2: Ball 3-2: Foul Ball, location: 2F 3-2: Strikes out swinging wild pitch, reaches first! León Gómez to third Mitchell Pate to second | Batting: LHB Juan Vásquez | 0-0: Called Strike 0-1: Ground out 1-3 (Groundball, 13) | Bottom of the 3rd over - 0 runs, 2 hits, 0 errors, 3 left on base; Reading 0 - Wilmington 0 | TOP OF THE 4TH |
---|
Reading Rainbows batting - Pitching for Wilmington Rebels : RHP Javier Franco | Batting: RHB Germán Romero | 0-0: Fly out, F7 (Flyball, 7S) | Batting: RHB Ethan Moore | 0-0: Called Strike 0-1: Fly out, F6 (Popup, 6) | Batting: SHB Travis Martin | 0-0: Called Strike 0-1: Called Strike 0-2: Hit by Pitch | Batting: RHB Edmund Swanson | 0-0: Called Strike 0-1: Foul Ball, location: 2F 0-2: Ball 1-2: Foul Ball, location: 2F 1-2: Foul Ball, location: 2F 1-2: Ball 2-2: SINGLE (Line Drive, 34D) Travis Martin to second Runner from 2nd tries for 3rd, OUT! | Top of the 4th over - 0 runs, 1 hit, 0 errors, 1 left on base; Reading 0 - Wilmington 0 | BOTTOM OF THE 4TH |
---|
Wilmington Rebels batting - Pitching for Reading Rainbows : RHP Jason MacKnight | Batting: RHB Marlon Hernández | 0-0: Ball 1-0: Ball 2-0: Ball 3-0: Base on Balls | Batting: LHB Seth Sullivan | 0-0: Called Strike 0-1: Ball 1-1: Called Strike 1-2: Ball 2-2: Ground out 4-3 (Groundball, 34) Marlon Hernández to second | Batting: RHB Pedro Sandoval | 0-0: Ball 1-0: Foul Ball, location: 2F 1-1: Foul Ball, location: 2F 1-2: Foul Ball, location: 2F 1-2: Ball 2-2: Foul Ball, location: 2F 2-2: Strikes out looking | Batting: RHB León Gómez | 0-0: Swinging Strike 0-1: Ball 1-1: Fly out, F4 (Popup, 23) | Bottom of the 4th over - 0 runs, 0 hits, 0 errors, 1 left on base; Reading 0 - Wilmington 0 | TOP OF THE 5TH |
---|
Reading Rainbows batting - Pitching for Wilmington Rebels : RHP Javier Franco | Batting: LHB Ryan Flynn | 0-0: Swinging Strike 0-1: Foul Ball, location: 2F 0-2: Strikes out swinging | Batting: LHB Dennis McConnell | 0-0: Ball 1-0: Ball 2-0: Fly out, F9 (Flyball, 9LSF) | Batting: RHB Allen Hobbs | 0-0: Bunted foul 0-1: Ball 1-1: SOLO HOME RUN (Flyball, 7D), Distance : 385 ft | Batting: LHB Ramón Morán | 0-0: Ball 1-0: Foul Ball, location: 2F 1-1: Ball 2-1: Foul Ball, location: 2F 2-2: Strikes out looking | Top of the 5th over - 1 run, 1 hit, 0 errors, 0 left on base; Reading 1 - Wilmington 0 | BOTTOM OF THE 5TH |
---|
Wilmington Rebels batting - Pitching for Reading Rainbows : RHP Jason MacKnight | Batting: RHB Mitchell Pate | 0-0: Ball 1-0: Foul Ball, location: 2F 1-1: Fly out, F7 (Flyball, 7) | Batting: LHB Guillermo Santos | 0-0: Ground out 1-3 (Groundball, 13S) | Batting: RHB Henry Haines | 0-0: Swinging Strike 0-1: Ball 1-1: Swinging Strike 1-2: Ball 2-2: Foul Ball, location: 2F 2-2: Ball 3-2: Ground out 6-3 (Groundball, 6M) | Bottom of the 5th over - 0 runs, 0 hits, 0 errors, 0 left on base; Reading 1 - Wilmington 0 | TOP OF THE 6TH |
---|
Reading Rainbows batting - Pitching for Wilmington Rebels : RHP Javier Franco | Batting: RHB José Moreno | 0-0: Called Strike 0-1: Ball 1-1: Ball 2-1: Ball 3-1: Called Strike 3-2: Fly out, F4 (Line Drive, 4) | Batting: RHB Germán Romero | 0-0: Swinging Strike 0-1: Ball 1-1: Ball 2-1: Foul Ball, location: 2F 2-2: Foul Ball, location: 2F 2-2: Ball 3-2: SINGLE (Line Drive, 6) | Pitching: LHP Manuel Guel | | Batting: RHB Ethan Moore | 0-0: Ball 1-0: Called Strike 1-1: Ball Wild Pitch! Germán Romero to second 2-1: Intentional Walk | Batting: SHB Travis Martin | 0-0: Foul Ball, location: 2F 0-1: Ball 1-1: Fly out, F9 (Flyball, 9LM) | Batting: RHB Edmund Swanson | 0-0: Fly out, F6 (Line Drive, 6) | Top of the 6th over - 0 runs, 1 hit, 0 errors, 2 left on base; Reading 1 - Wilmington 0 | BOTTOM OF THE 6TH |
---|
Wilmington Rebels batting - Pitching for Reading Rainbows : RHP Jason MacKnight | Batting: LHB Marv Gardner | 0-0: Foul Ball, location: 2F 0-1: Swinging Strike 0-2: Ball 1-2: Fly out, F7 (Flyball, 78S) | Batting: LHB Juan Vásquez | 0-0: Ball 1-0: Ball 2-0: Called Strike 2-1: Fly out, F5 (Popup, 5F) | Batting: RHB Marlon Hernández | 0-0: Ball 1-0: Foul Ball, location: 2F 1-1: Called Strike 1-2: Strikes out swinging | Bottom of the 6th over - 0 runs, 0 hits, 0 errors, 0 left on base; Reading 1 - Wilmington 0 | TOP OF THE 7TH |
---|
Reading Rainbows batting - Pitching for Wilmington Rebels : LHP Manuel Guel | Batting: LHB Ryan Flynn | 0-0: Called Strike 0-1: Swinging Strike 0-2: Strikes out swinging | Batting: LHB Dennis McConnell | 0-0: Foul Ball, location: 2F 0-1: Ball 1-1: Swinging Strike 1-2: Strikes out swinging | Batting: RHB Allen Hobbs | 0-0: Foul Ball, location: 2F 0-1: Ball 1-1: Ball 2-1: Swinging Strike 2-2: Ball 3-2: Strikes out swinging | Top of the 7th over - 0 runs, 0 hits, 0 errors, 0 left on base; Reading 1 - Wilmington 0 | BOTTOM OF THE 7TH |
---|
Wilmington Rebels batting - Pitching for Reading Rainbows : RHP Jason MacKnight | Batting: LHB Seth Sullivan | 0-0: Ball 1-0: Fly out, F5 (Popup, 56S) | Batting: RHB Pedro Sandoval | 0-0: Foul Ball, location: 2F 0-1: SINGLE (Line Drive, 56) | Pinch Hitting: LHB Marv Alexander | 0-0: Called Strike 0-1: Foul Ball, location: 2F 0-2: Foul Ball, location: 2F 0-2: Reached on error, E5 (Groundball, 2L) Pedro Sandoval to third | Batting: RHB Mitchell Pate | 0-0: Called Strike 0-1: Foul Ball, location: 2F 0-2: Strikes out swinging | Batting: LHB Guillermo Santos | 0-0: Ball 1-0: Ground out U3 (Groundball, 3D) | Bottom of the 7th over - 0 runs, 1 hit, 1 error, 2 left on base; Reading 1 - Wilmington 0 | TOP OF THE 8TH |
---|
Reading Rainbows batting - Pitching for Wilmington Rebels : LHP Manuel Guel | Now at 2B: Ivan Costello | | Batting: LHB Ramón Morán | 0-0: Swinging Strike 0-1: Fly out, F7 (Flyball, 7LM) | Batting: RHB José Moreno | 0-0: Called Strike 0-1: SINGLE (Groundball, 6D) | Batting: RHB Germán Romero | 0-0: Ball 1-0: Ball 2-0: Foul Ball, location: 2F 2-1: Foul Ball, location: 2F 2-2: DOUBLE (Line Drive, 89D) José Moreno to third Runner from 3rd tries for Home, SAFE, no throw | Batting: RHB Ethan Moore | 0-0: Intentional Walk | Batting: SHB Travis Martin | 0-0: Called Strike 0-1: Ball 1-1: Ball 2-1: Ball 3-1: Fielders Choice at 2nd, 1-6 (Groundball, 13) Germán Romero to third | Batting: RHB Edmund Swanson | 0-0: Ball 1-0: Ball 2-0: Called Strike 2-1: Ball 3-1: Base on Balls Travis Martin to second | Batting: LHB Ryan Flynn | 0-0: Ball 1-0: Ball 2-0: Ground out U3 (Groundball, 34) | Top of the 8th over - 1 run, 2 hits, 0 errors, 3 left on base; Reading 2 - Wilmington 0 | BOTTOM OF THE 8TH |
---|
Wilmington Rebels batting - Pitching for Reading Rainbows : RHP Jason MacKnight | Batting: RHB Henry Haines | 0-0: Ball 1-0: Called Strike 1-1: Ball 2-1: Called Strike 2-2: SINGLE (Flyball, 78M) | Batting: LHB Marv Gardner | 0-0: 2-RUN HOME RUN (Flyball, 9LD), Distance : 364 ft | Pitching: LHP Pedro Rosado | | Pinch Hitting: RHB Sergio Moreno | 0-0: Called Strike 0-1: Ball 1-1: Ground out 6-3 (Groundball, 56D) | Batting: RHB Marlon Hernández | 0-0: Called Strike 0-1: Foul Ball, location: 2F 0-2: Foul Ball, location: 2F 0-2: Strikes out swinging | Pinch Hitting: RHB Henry Dawson | 0-0: Called Strike 0-1: Called Strike 0-2: Strikes out swinging | Bottom of the 8th over - 2 runs, 2 hits, 0 errors, 0 left on base; Reading 2 - Wilmington 2 | TOP OF THE 9TH |
---|
Reading Rainbows batting - Pitching for Wilmington Rebels : LHP Manuel Guel | Pitching: RHP Esteban Ramírez | | Now at 2B: Henry Dawson | | Now in CF: Andrew Deal | | Batting: LHB Dennis McConnell | 0-0: Ball 1-0: Ball 2-0: Ball 3-0: Base on Balls | Pinch Hitting: RHB Ron King | 0-0: Ball Dennis McConnell is caught stealing 2nd base 1-0: DOUBLE (Flyball, 89D) | Batting: LHB Ramón Morán | 0-0: Intentional Walk | Batting: RHB José Moreno | 0-0: Called Strike 0-1: Ball 1-1: Ball 2-1: Ball 3-1: Called Strike 3-2: Base on Balls Ron King to third Ramón Morán to second | Batting: RHB Germán Romero | 0-0: Called Strike 0-1: Swinging Strike 0-2: Fly out, F6 (Popup, 6MS) | Batting: RHB Ethan Moore | 0-0: Foul Ball, location: 2F 0-1: Ball 1-1: Called Strike 1-2: Ball 2-2: Strikes out swinging | Top of the 9th over - 0 runs, 1 hit, 0 errors, 3 left on base; Reading 2 - Wilmington 2 | BOTTOM OF THE 9TH |
---|
Wilmington Rebels batting - Pitching for Reading Rainbows : LHP Pedro Rosado | Pitching: RHP Jesús Manuel | | Now at 2B: Ron King | | Batting: RHB Pedro Sandoval | 0-0: Called Strike 0-1: DOUBLE (Line Drive, 9LM) - OUT at third base trying to stretch hit. | Batting: LHB Ivan Costello | 0-0: Ball 1-0: Foul Ball, location: 2F 1-1: Foul Ball, location: 2F 1-2: Strikes out swinging | Batting: RHB Mitchell Pate | 0-0: Ball 1-0: Ball 2-0: Ball 3-0: Called Strike 3-1: Foul Ball, location: 2F 3-2: Foul Ball, location: 2F 3-2: Foul Ball, location: 2F 3-2: Fly out, F8 (Flyball, 89D) | Bottom of the 9th over - 0 runs, 1 hit, 0 errors, 0 left on base; Reading 2 - Wilmington 2 | TOP OF THE 10TH |
---|
Reading Rainbows batting - Pitching for Wilmington Rebels : RHP Esteban Ramírez | Pitching: RHP Ramón Alaniz | | Batting: SHB Travis Martin | 0-0: Ball 1-0: Ground out 4-3 (Groundball, 4) | Batting: RHB Edmund Swanson | 0-0: Ball 1-0: Ball 2-0: Called Strike 2-1: Foul Ball, location: 2F 2-2: Ball 3-2: Strikes out swinging | Batting: LHB Ryan Flynn | 0-0: Ball 1-0: Swinging Strike 1-1: Foul Ball, location: 2F 1-2: Ball 2-2: Strikes out looking | Top of the 10th over - 0 runs, 0 hits, 0 errors, 0 left on base; Reading 2 - Wilmington 2 | BOTTOM OF THE 10TH |
---|
Wilmington Rebels batting - Pitching for Reading Rainbows : RHP Jesús Manuel | Batting: LHB Guillermo Santos | 0-0: Swinging Strike 0-1: Ball 1-1: Ball 2-1: Ground out 6-3 (Groundball, 6S) | Batting: RHB Henry Haines | 0-0: Foul Ball, location: 2F 0-1: Ball 1-1: Foul Ball, location: 2F 1-2: Strikes out swinging | Batting: LHB Marv Gardner | 0-0: Foul Ball, location: 2F 0-1: Ball 1-1: Foul Ball, location: 2F 1-2: Foul Ball, location: 2F 1-2: Ball 2-2: Foul Ball, location: 2F 2-2: Foul Ball, location: 2F 2-2: Ground out 4-3 (Groundball, 4) | Bottom of the 10th over - 0 runs, 0 hits, 0 errors, 0 left on base; Reading 2 - Wilmington 2 | TOP OF THE 11TH |
---|
Reading Rainbows batting - Pitching for Wilmington Rebels : RHP Ramón Alaniz | Batting: LHB Dennis McConnell | 0-0: Ball 1-0: Called Strike 1-1: Swinging Strike 1-2: Strikes out swinging | Batting: RHB Ron King | 0-0: Ground out 5-3 (Groundball, 5L) | Batting: LHB Ramón Morán | 0-0: Called Strike 0-1: Foul Ball, location: 2F 0-2: Foul Ball, location: 2F 0-2: Foul Ball, location: 2F 0-2: Ball 1-2: Foul Ball, location: 2F 1-2: Ball 2-2: Reached on error, E3 (Groundball, 34) | Batting: RHB José Moreno | 0-0: Called Strike 0-1: Ball 1-1: Swinging Strike 1-2: Ball 2-2: Foul Ball, location: 2F 2-2: Foul Ball, location: 2F 2-2: Strikes out swinging | Top of the 11th over - 0 runs, 0 hits, 1 error, 1 left on base; Reading 2 - Wilmington 2 | BOTTOM OF THE 11TH |
---|
Wilmington Rebels batting - Pitching for Reading Rainbows : RHP Jesús Manuel | Pitching: RHP Cory Powell | | Batting: RHB Andrew Deal | 0-0: Called Strike 0-1: Ball 1-1: Foul Ball, location: 2F 1-2: Ball 2-2: Foul Ball, location: 2F 2-2: Strikes out swinging | Batting: RHB Marlon Hernández | 0-0: Foul Ball, location: 2F 0-1: Called Strike 0-2: Fly out, F2 (Popup, 2RF) | Batting: RHB Henry Dawson | 0-0: Called Strike 0-1: Ball 1-1: Ball 2-1: Ball 3-1: Foul Ball, location: 2F 3-2: Strikes out swinging | Bottom of the 11th over - 0 runs, 0 hits, 0 errors, 0 left on base; Reading 2 - Wilmington 2 | TOP OF THE 12TH |
---|
Reading Rainbows batting - Pitching for Wilmington Rebels : RHP Ramón Alaniz | Pitching: RHP Wayne Foster | | Batting: RHB Germán Romero | 0-0: Foul Ball, location: 2F 0-1: Ball 1-1: Swinging Strike 1-2: Strikes out swinging | Batting: RHB Ethan Moore | 0-0: Ball 1-0: Ball 2-0: Foul Ball, location: 2F 2-1: Fly out, F4 (Popup, 23) | Batting: SHB Travis Martin | 0-0: Ball 1-0: Swinging Strike 1-1: Called Strike 1-2: Strikes out swinging | Top of the 12th over - 0 runs, 0 hits, 0 errors, 0 left on base; Reading 2 - Wilmington 2 | BOTTOM OF THE 12TH |
---|
Wilmington Rebels batting - Pitching for Reading Rainbows : RHP Cory Powell | Batting: RHB Pedro Sandoval | 0-0: Ball 1-0: SINGLE (Groundball, 6MD) | Pinch Runner at 1st Keith Gamble: | | Batting: LHB Ivan Costello | 0-0: Ball Keith Gamble steals 2nd base 1-0: Intentional Walk | Batting: RHB Mitchell Pate | 0-0: Foul Ball, location: 2F 0-1: SINGLE (Flyball, 9LM) Keith Gamble to third Ivan Costello to second Runner from 3rd tries for Home, SAFE, no throw | Saturday, December 16th, 2017 - OOTP Baseball 18.8 Build 76 |
|